 Dungeon Sprint DCSS version 0.16.2-12-gd0ad4c3 (webtiles) character file.

12 musteatbrain the Covert (level 5, -4/41 HPs)
             Began as an Octopode Assassin on Oct 15, 2015.
             Was a Believer of Dithmenos.
             Slain by an orc warrior
             ... wielding a +0 halberd
              (11 damage)
             ... in the Dungeon (Sprint VI: "Thunderdome").
             The game lasted 00:02:32 (344 turns).

musteatbrain the Covert (Octopode Assassin)          Turns: 344, Time: 00:02:32

Health: -4/41      AC:  1    Str:  8    XL:     5   Next: 98%
Magic:  5/5        EV: 15    Int: 17    God:    Dithmenos [**....]
Gold:   40         SH:  0    Dex: 14    Spells: 0 memorised, 4 levels left

rFire  . . .     SeeInvis .     a - +2 dagger
rCold  + . .     Clarity  .     (no shield)
rNeg   + . .     SustAb   .     (helmet restricted)
rPois  +         Gourm    +     h - amulet "Xiheg" {Gourm rPois rC+ MR++ Int-4 Slay+3}
rElec  .         Spirit   .     p - ring of Fuamak {+Fly rN+ Slay+3}
rCorr  .         Warding  .     q - ring "Usugguops" {rPois Str-3 Int+5 Slay+3 Stlth+}
rMut   .         NoTele   +     r - ring "Mimyc" {rPois Int+3}
MR     ++...                    (no ring)
Stlth  +++++++++.               (no ring)
                                (no ring)
                                (no ring)
                                (no ring)

@: wreathed by umbra, very resistant to hostile enchantments, incredibly
stealthy
A: almost no armour, amphibious, 8 rings, constrict 8, camouflage 1, gelatinous
body 1
a: Shadow Step, Renounce Religion, Evoke Flight


You were in the Dungeon.
You worshipped Dithmenos.
Dithmenos was pleased with you.
You were not hungry.

You visited 1 branch You collected 220 gold pieces.
You spent 180 gold pieces at shops.

Inventory:

Hand weapons
 a - a +2 dagger (weapon)
 b - a +0 blowgun
Missiles
 e - 8 poisoned needles
 f - 2 curare-tipped needles
Jewellery
 h - the amulet "Xiheg" (around mantle) {Gourm rPois rC+ MR++ Int-4 Slay+3}
   (You bought it in a shop in the Dungeon)

   [amulet of the gourmand]

   It allows you to eat raw meat even when not hungry.
   It affects your intelligence (-4).
   It affects your accuracy and damage with ranged weapons and melee attacks
   (+3).
   It protects you from cold.
   It protects you from poison.
   It affects your resistance to hostile enchantments.
 p - the ring of Fuamak (left tentacle) {+Fly rN+ Slay+3}
   (You bought it in a shop in the Dungeon)

   [ring of slaying]

   It affects your accuracy and damage with ranged weapons and melee attacks
   (+3).
   It protects you from negative energy.
   It lets you fly.
 q - the ring "Usugguops" (right tentacle) {rPois Str-3 Int+5 Slay+3 Stlth+}
   (You bought it in a shop in the Dungeon)

   [ring of intelligence]

   It affects your strength (-3).
   It affects your intelligence (+5).
   It affects your accuracy and damage with ranged weapons and melee attacks
   (+3).
   It protects you from poison.
   It makes you more stealthy.
 r - the ring "Mimyc" (on tentacle) {rPois Int+3}
   (You bought it in a shop in the Dungeon)

   [ring of poison resistance]

   It affects your intelligence (+3).
   It protects you from poison.
Magical devices
 d - a wand of cold (4)
 n - a wand of fire (5)
 s - a wand of digging (16)
Scrolls
 m - 4 scrolls of blinking
 o - 3 scrolls of fog
Potions
 c - a potion of resistance
 i - 4 potions of heal wounds
 j - 4 potions of haste
 k - 2 potions of magic
 l - a potion of berserk rage
 t - a potion of degeneration {unknown}
Comestibles
 g - a bread ration


   Skills:
 + Level 6.2 Fighting
 + Level 6.1 Short Blades
 - Level 2.0 Throwing
 + Level 5.9 Dodging
 + Level 9.8 Stealth


You had 4 spell levels left.
You didn't know any spells.

Dungeon Overview and Level Annotations

Branches:
Dungeon (1/1)

Altars:
Cheibriados
Dithmenos
Fedhas
Gozag
Kikubaaqudgha
Makhleb
Okawaru
Qazlal
Ru
Sif Muna
Trog
Vehumet
Xom
The Shining One
Jiyva
Lugonu

Shops:
D *[%??*?*:(!


Innate Abilities, Weirdness & Mutations

You cannot wear most types of armour.
You are amphibious.
You can wear up to eight rings at the same time.
You can use your tentacles to constrict many enemies at once.
Your skin changes colour to match your surroundings (Stealth).
Your rubbery body absorbs attacks (AC +1).


Message History

50...
An orc warrior comes into view. It is wielding a halberd.
Zapping:
d - a wand of cold (5)
Press: ? - help, Shift-Dir - straight line, f - orc warrior
Aim: an orc warrior, wielding a halberd and wearing a chain mail (hasn't noticed you, umbra)
The bolt of cold hits the orc warrior.
The orc warrior is lightly wounded.
The orc warrior shouts!
This wand has 4 charges left.
The orc warrior hits you from afar with a halberd!!
Ouch! That really hurt!
* * * LOW HITPOINT WARNING * * *
You hit the orc warrior. Your grab misses the orc warrior.
The orc warrior is moderately wounded.
The orc warrior closely misses you.
You closely miss the orc warrior. You grab the orc warrior.
The orc warrior is moderately wounded.
You constrict the orc warrior, but do no damage.
The orc warrior hits you with a halberd!
You die...

##.....## ##∩.....∩##
#∩.......∩# #........_#
#_........# #_......._#
###.........###
#⌠...........⌠#
######.8...@o..).8.#
##∩___.))...###......___∩
###∩........8.# #.8.......
##...........).###.........
#[).........###...###......
#⌠..........# #.<.# .....
#⌠..........###...# ....
##..........)..###......
###∩........8.# .8...


You could see an orc warrior.

Vanquished Creatures
  Sigmund (D)
  Blork the orc (D)
  An orc wizard (D)
  A worker ant (D)
  Jessica (D)
  An adder (D)
  3 orcs (D)
  A hobgoblin (D)
10 creatures vanquished.

Notes
Turn   | Place    | Note
--------------------------------------------------------------
     0 | D        | musteatbrain, the Octopode Assassin, began the quest for the Orb.
     0 | D        | Reached XP level 1. HP: 14/14 MP: 1/1
     1 | D        | Found a radiant altar of Vehumet.
     2 | D        | Found a shadowy altar of Dithmenos.
     2 | D        | Found a sacrificial altar of Ru.
     3 | D        | Found a blossoming altar of Fedhas.
     3 | D        | Found a snail-covered altar of Cheibriados.
     4 | D        | Found Qeagger's Advanced Armour.
     4 | D        | Found Casecaf's Identification Station.
     4 | D        | Found a burning altar of Makhleb.
     4 | D        | Found a deep blue altar of Sif Muna.
     5 | D        | Found a corrupted altar of Lugonu.
     5 | D        | Round 1.
     6 | D        | Found Trau's Jewellery.
     6 | D        | Found Astilush's Bee Food.
    20 | D        | Reached skill level 6 in Stealth
    20 | D        | Reached XP level 2. HP: 6/20 MP: 2/2
    25 | D        | Bought a heavily runed silver amulet for 45 gold pieces
    25 | D        | Bought a bound tin ring for 45 gold pieces
    25 | D        | Bought an ancient platinum ring for 45 gold pieces
    25 | D        | Bought a flickering lapis lazuli ring for 45 gold pieces
    25 | D        | Identified the amulet "Xiheg" {Gourm rPois rC+ MR++ Int-4 Slay+3} (You bought it in a shop in the Dungeon)
    26 | D        | Identified the ring of Fuamak {+Fly rN+ Slay+3} (You bought it in a shop in the Dungeon)
    27 | D        | Identified the ring "Usugguops" {rPois Str-3 Int+5 Slay+3 Stlth+} (You bought it in a shop in the Dungeon)
    28 | D        | Identified the ring "Mimyc" {rPois Int+3} (You bought it in a shop in the Dungeon)
    33 | D        | Reached XP level 3. HP: 8/27 MP: 3/3
   130 | D        | Noticed Jessica
   132 | D        | Killed Jessica
   132 | D        | Reached skill level 7 in Stealth
   133 | D        | Noticed Sigmund
   137 | D        | Found an ancient bone altar of Kikubaaqudgha.
   139 | D        | Found an opulent altar of Gozag.
   143 | D        | Found Dicvip's Magic Scroll Shop.
   151 | D        | Killed Sigmund
   151 | D        | Arena points: 12 (+12) [x2]
   151 | D        | Reached skill level 5 in Fighting
   151 | D        | Reached skill level 5 in Short Blades
   151 | D        | Reached skill level 8 in Stealth
   151 | D        | Reached XP level 4. HP: 14/35 MP: 4/4
   151 | D        | Reached XP level 5. HP: 15/39 MP: 5/5
   162 | D        | Became a worshipper of Dithmenos the Shadowed
   207 | D        | Round 2.
   255 | D        | Found Qiel's Premium Goods.
   258 | D        | Reached skill level 5 in Dodging
   258 | D        | Reached skill level 9 in Stealth
   276 | D        | Found a stormy altar of Qazlal.
   276 | D        | Found Qoaklit's Miscellaneous Merchandise.
   281 | D        | Noticed Blork the orc
   294 | D        | Killed Blork the orc
   299 | D        | Found Ovaobb's Magic Scroll Shop.
   300 | D        | Found a shimmering altar of Xom.
   302 | D        | Found an iron altar of Okawaru.
   303 | D        | Found Bofymeq's Staff Store.
   303 | D        | Found Igepias' Must-Have Magic.
   304 | D        | Found a bloodstained altar of Trog.
   305 | D        | Found a viscous altar of Jiyva.
   306 | D        | Found a glowing golden altar of the Shining One.
   308 | D        | Found Twaq's Distillery.
   326 | D        | Acquired Dithmenos' first power
   340 | D        | Noticed an orc warrior
   344 | D        | Slain by an orc warrior

Action                   |  1- 3 |  4- 6 || total
-------------------------+-------+-------++-------
Melee: Dagger            |    18 |    13 ||    31
Evoke: Wand              |       |     1 ||     1
  Use: Potion            |     1 |       ||     1
